APP
GREAT FALLS VOYAGERS @ PULASKI YANKEES
07/19/2045
 
TOP OF THE 1ST
Great Falls Voyagers batting - Pitching for Pulaski Yankees : LHP Dustin Shaw
Pitching: LHP Dustin Shaw
Batting: RHB Andy Cotton 0-0: Called Strike
0-1: Ball
1-1: SINGLE (Groundball, 6MD, EV 102.5 MPH)
Batting: RHB Kasey Bland 0-0: Called Strike
0-1: Ball
Passed Ball!
Andy Cotton to second
1-1: Foul Ball, location: 2F
1-2: Foul Ball, location: 2F
1-2: Foul Ball, location: 2F
1-2: Ball
2-2: Ball
3-2: Ground out 3-1 (Groundball, 34, EV 88.8 MPH)
Andy Cotton to third
Batting: RHB Mike Rosa 0-0: Ball
1-0: Hit by Pitch
Batting: SHB Ruben Velasco Jr. 0-0: Called Strike
0-1: Called Strike
0-2: Ball
1-2: Foul Ball, location: 2F
1-2: Ball
2-2: Ball
3-2: Base on Balls
Mike Rosa to second
Pitching: RHP Manny de la Cruz
Batting: LHB Evan Oliveri 0-0: Ball
1-0: Ball
2-0: Called Strike
2-1: SINGLE (Line Drive, 9S, EV 86.2 MPH)
Andy Cotton scores
Mike Rosa to third
Ruben Velasco Jr. to second
Batting: RHB Billy Grubbs 0-0: Called Strike
0-1: Swinging Strike
0-2: Ball
1-2: Ball
2-2: Ball
Wild Pitch!
Mike Rosa scores
Ruben Velasco Jr. to third
Evan Oliveri to second
3-2: Foul Ball, location: 2F
3-2: Ground out 4-3 (Groundball, 4, EV 102.5 MPH)
Ruben Velasco Jr. scores
Evan Oliveri to third
Batting: LHB James Groshong 0-0: Reached on error, E9 (Flyball, 9, EV 86.2 MPH)
Evan Oliveri scores
Batting: RHB Duncan Collins 0-0: Ball
1-0: Foul Ball, location: 2F
1-1: Swinging Strike
1-2: Ball
2-2: Strikes out swinging
Top of the 1st over - 4 runs, 2 hits, 1 error, 1 left on base; Great Falls 4 - Pulaski 0
BOTTOM OF THE 1ST
Pulaski Yankees batting - Pitching for Great Falls Voyagers : RHP Alfie Bungledorf
Pitching: RHP Alfie Bungledorf
Batting: RHB Ben Jennings 0-0: Ball
1-0: Foul Ball, location: 2F
1-1: Ball
2-1: Ball
3-1: Base on Balls
Batting: LHB Jeremiah Walker 0-0: Ball
1-0: Called Strike
1-1: Ball
Ben Jennings steals 2nd, throwing error, E2
Ben Jennings to third
2-1: Fly out, F7 (Flyball, 7, EV 88.1 MPH)
Runner from 3rd tags up, SCORES, throw by LF
Batting: RHB Phil Reeves 0-0: Ball
1-0: Ball
2-0: Ground out 4-3 (Groundball, 4S, EV 89.4 MPH)
Batting: SHB Ryan Buchbinder 0-0: Ball
1-0: Ball
2-0: Called Strike
2-1: Foul Ball, location: 2F
2-2: Foul Ball, location: 2F
2-2: Ball
3-2: Fly out, F8 (Flyball, 78D, EV 107.5 MPH)
Bottom of the 1st over - 1 run, 0 hits, 1 error, 0 left on base; Great Falls 4 - Pulaski 1
TOP OF THE 2ND
Great Falls Voyagers batting - Pitching for Pulaski Yankees : RHP Manny de la Cruz
Batting: LHB Jose Duran 0-0: Ball
1-0: TRIPLE (Line Drive, 78XD, EV 108.8 MPH)
Pitching: LHP Matt Cusatis
Batting: RHB Andy Cotton 0-0: Called Strike
0-1: Called Strike
0-2: Foul Ball, location: 2F
0-2: Ball
1-2: Ball
2-2: Ball
3-2: Base on Balls
Batting: RHB Kasey Bland 0-0: Ball
1-0: Fly out, F9 (Flyball, 89D, EV 95.6 MPH)
Runner from 3rd tags up, SCORES, throw by RF
Batting: RHB Mike Rosa 0-0: Foul Ball, location: 2F
0-1: Ball
1-1: Called Strike
1-2: Ball
Andy Cotton steals 2nd base
2-2: Ball
3-2: Base on Balls
Batting: SHB Ruben Velasco Jr. 0-0: Ball
1-0: Foul Ball, location: 2F
1-1: Called Strike
1-2: Ball
2-2: Ball
3-2: Base on Balls
Andy Cotton to third
Mike Rosa to second
Pitching: RHP Eric Patrick
Batting: LHB Evan Oliveri 0-0: Ball
1-0: Foul Ball, location: 2F
1-1: Swinging Strike
1-2: Foul Ball, location: 2F
1-2: Fly out, F6 (Popup, 6, EV 69.4 MPH)
Batting: RHB Billy Grubbs 0-0: Ball
1-0: Single, Error in OF, E9, batter to second base (Line Drive, 9S, EV 98.1 MPH)
Andy Cotton scores
Mike Rosa scores
Ruben Velasco Jr. to third
Batting: LHB James Groshong 0-0: Ball
1-0: Swinging Strike
1-1: Ball
2-1: Ball
3-1: Base on Balls
Batting: RHB Duncan Collins 0-0: Ball
1-0: Called Strike
1-1: Ground out 4-3 (Groundball, 4, EV 88.1 MPH)
Top of the 2nd over - 3 runs, 2 hits, 1 error, 3 left on base; Great Falls 7 - Pulaski 1
BOTTOM OF THE 2ND
Pulaski Yankees batting - Pitching for Great Falls Voyagers : RHP Alfie Bungledorf
Batting: SHB David Stewart 0-0: Ball
1-0: Ball
2-0: Ball
3-0: Base on Balls
Batting: RHB Nazeeh Zubair 0-0: Ball
1-0: Ball
2-0: Ball
3-0: Called Strike
3-1: Base on Balls
David Stewart to second
Batting: RHB Matt Bindel 0-0: Ball
1-0: Ball
2-0: Ball
3-0: Called Strike
3-1: Foul Ball, location: 2F
3-2: Strikes out swinging
Batting: SHB Houston Phillips 0-0: Called Strike
0-1: Ball
1-1: Called Strike
1-2: Ball
2-2: Fly out, F3 (Popup, 3, EV 75.6 MPH)
Batting: SHB Bret Davies 0-0: Called Strike
0-1: Foul Ball, location: 2F
0-2: Ball
1-2: Ball
2-2: Foul Ball, location: 2F
2-2: Ball
3-2: Strikes out swinging
Bottom of the 2nd over - 0 runs, 0 hits, 0 errors, 2 left on base; Great Falls 7 - Pulaski 1
TOP OF THE 3RD
Great Falls Voyagers batting - Pitching for Pulaski Yankees : RHP Eric Patrick
Batting: LHB Jose Duran 0-0: Ground out U3 (Groundball, 34, EV 81.9 MPH)
Batting: RHB Andy Cotton 0-0: Ball
1-0: Ball
2-0: Swinging Strike
2-1: Ball
3-1: Base on Balls
Pitching: RHP Alex Roman
Batting: RHB Kasey Bland 0-0: Called Strike
0-1: Ball
1-1: Ball
2-1: Called Strike
2-2: Ball
3-2: SINGLE (Groundball, 4M, EV 106.2 MPH) (infield hit)
Andy Cotton to second
Batting: RHB Mike Rosa 0-0: Foul Ball, location: 2F
0-1: Ball
1-1: Ground out U3 (Groundball, 34S, EV 71.2 MPH)
Andy Cotton to third
Kasey Bland to second
Batting: SHB Ruben Velasco Jr. 0-0: Called Strike
0-1: Ball
1-1: Ball
2-1: Ball
3-1: Base on Balls
Batting: LHB Evan Oliveri 0-0: Ball
1-0: Fielders Choice at 2nd, U4 (Groundball, 4M, EV 85.6 MPH)
Top of the 3rd over - 0 runs, 1 hit, 0 errors, 3 left on base; Great Falls 7 - Pulaski 1
BOTTOM OF THE 3RD
Pulaski Yankees batting - Pitching for Great Falls Voyagers : RHP Alfie Bungledorf
Batting: RHB Ben Jennings 0-0: Ball
1-0: Ball
2-0: Ball
3-0: Base on Balls
Batting: LHB Jeremiah Walker 0-0: Ball
1-0: Ball
2-0: SINGLE (Groundball, 34S, EV 69.4 MPH) (infield hit)
Ben Jennings to second
Batting: RHB Phil Reeves 0-0: Called Strike
0-1: Ball
1-1: Called Strike
1-2: Strikes out swinging
Batting: SHB Ryan Buchbinder 0-0: Called Strike
0-1: Foul Ball, location: 2F
0-2: Ball
1-2: Foul Ball, location: 2F
1-2: Hit by Pitch
Ben Jennings to third
Jeremiah Walker to second
Batting: SHB David Stewart 0-0: Ball
1-0: Called Strike
1-1: Called Strike
1-2: Foul Ball, location: 2F
1-2: Strikes out looking
Batting: RHB Nazeeh Zubair 0-0: Ground out 4-3 (Groundball, 4, EV 79.4 MPH)
Bottom of the 3rd over - 0 runs, 1 hit, 0 errors, 3 left on base; Great Falls 7 - Pulaski 1
TOP OF THE 4TH
Great Falls Voyagers batting - Pitching for Pulaski Yankees : RHP Alex Roman
Batting: RHB Billy Grubbs 0-0: Ball
1-0: Ball
2-0: Foul Ball, location: 2F
2-1: Ball
3-1: Base on Balls
Batting: LHB James Groshong 0-0: DOUBLE (Line Drive, 9LM, EV 106.2 MPH)
Billy Grubbs to third
Batting: RHB Duncan Collins 0-0: Ball
1-0: Ball
2-0: Ball
3-0: Base on Balls
Batting: LHB Jose Duran 0-0: Called Strike
0-1: Foul Ball, location: 2F
0-2: Hit by Pitch
Billy Grubbs scores
James Groshong to third
Duncan Collins to second
Batting: RHB Andy Cotton 0-0: Fielders Choice at 2nd, 6-4 (Groundball, 6, EV 101.9 MPH)
James Groshong scores
Duncan Collins to third
Batting: RHB Kasey Bland 0-0: Ball
1-0: Ball
2-0: Ball
3-0: Called Strike
3-1: Base on Balls
Andy Cotton to second
Batting: RHB Mike Rosa 0-0: Fly out, F8 (Flyball, 78D, EV 101.9 MPH)
Runner from 3rd tags up, SCORES, throw by CF
Batting: SHB Ruben Velasco Jr. 0-0: Ball
1-0: Swinging Strike
1-1: Foul Ball, location: 2F
1-2: Strikes out looking
Top of the 4th over - 3 runs, 1 hit, 0 errors, 2 left on base; Great Falls 10 - Pulaski 1
BOTTOM OF THE 4TH
Pulaski Yankees batting - Pitching for Great Falls Voyagers : RHP Alfie Bungledorf
Batting: RHB Matt Bindel 0-0: Ball
1-0: Foul Ball, location: 2F
1-1: Ball
2-1: Called Strike
2-2: Ball
3-2: Strikes out swinging
Batting: SHB Houston Phillips 0-0: Called Strike
0-1: Foul Ball, location: 2F
0-2: Foul Ball, location: 2F
0-2: Ball
1-2: Foul Ball, location: 2F
1-2: Strikes out swinging
Batting: SHB Bret Davies 0-0: Ground out 5-3 (Groundball, 5L, EV 83.1 MPH)
Bottom of the 4th over - 0 runs, 0 hits, 0 errors, 0 left on base; Great Falls 10 - Pulaski 1
TOP OF THE 5TH
Great Falls Voyagers batting - Pitching for Pulaski Yankees : RHP Alex Roman
Batting: LHB Evan Oliveri 0-0: Foul Ball, location: 2F
0-1: Called Strike
0-2: Ball
1-2: Foul Ball, location: 2F
1-2: Ball
2-2: Strikes out swinging
Batting: RHB Billy Grubbs 0-0: Ball
1-0: Called Strike
1-1: Ball
2-1: Foul Ball, location: 2F
2-2: Fly out, F8 (Line Drive, 8RM, EV 86.9 MPH)
Batting: LHB James Groshong 0-0: Foul Ball, location: 2F
0-1: Swinging Strike
0-2: Ball
1-2: Ball
2-2: SOLO HOME RUN (Flyball, 7D, EV 98.8 MPH), Distance : 384 ft
Pitching: LHP Jessie Neal
Batting: RHB Duncan Collins 0-0: Ball
1-0: Ball
2-0: Fly out, F9 (Flyball, 89M, EV 65.6 MPH)
Top of the 5th over - 1 run, 1 hit, 0 errors, 0 left on base; Great Falls 11 - Pulaski 1
BOTTOM OF THE 5TH
Pulaski Yankees batting - Pitching for Great Falls Voyagers : RHP Alfie Bungledorf
Batting: RHB Ben Jennings 0-0: Ball
1-0: Ball
2-0: Ball
3-0: Called Strike
3-1: Base on Balls
Batting: LHB Jeremiah Walker 0-0: DOUBLE (Line Drive, 78XD, EV 99.4 MPH)
Ben Jennings to third
Batting: RHB Phil Reeves 0-0: Ball
1-0: Foul Ball, location: 2F
1-1: SINGLE (Flyball, 8LS, EV 100.0 MPH)
Ben Jennings scores
Jeremiah Walker to third
Pitching: LHP Ray Sowers
Batting: SHB Ryan Buchbinder 0-0: Ball
1-0: Fielders Choice at 2nd, 4-6 (Groundball, 4, EV 81.9 MPH)
Jeremiah Walker scores
Batting: SHB David Stewart 0-0: Swinging Strike
0-1: Ball
1-1: Called Strike
1-2: Strikes out looking
Batting: RHB Nazeeh Zubair 0-0: Ball
1-0: Ball
2-0: Called Strike
2-1: Ground out 1-3 (Groundball, 15S, EV 66.9 MPH)
Bottom of the 5th over - 2 runs, 2 hits, 0 errors, 1 left on base; Great Falls 11 - Pulaski 3
TOP OF THE 6TH
Great Falls Voyagers batting - Pitching for Pulaski Yankees : LHP Jessie Neal
Batting: LHB Jose Duran 0-0: SINGLE (Groundball, 4MD, EV 98.8 MPH)
Batting: RHB Andy Cotton 0-0: Ball
1-0: Ball
2-0: Called Strike
2-1: Foul Ball, location: 2F
2-2: Foul Ball, location: 2F
2-2: Ball
3-2: Grounds into double play, 5-4-3 (Groundball, 56, EV 80.0 MPH)
Batting: RHB Kasey Bland 0-0: Ball
1-0: Ground out 6-3 (Groundball, 6, EV 90.6 MPH)
Top of the 6th over - 0 runs, 1 hit, 0 errors, 0 left on base; Great Falls 11 - Pulaski 3
BOTTOM OF THE 6TH
Pulaski Yankees batting - Pitching for Great Falls Voyagers : LHP Ray Sowers
Batting: RHB Matt Bindel 0-0: Called Strike
0-1: Swinging Strike
0-2: Strikes out looking
Batting: SHB Houston Phillips 0-0: Ball
1-0: Called Strike
1-1: Swinging Strike
1-2: Ground out 5-3 (Groundball, 56S, EV 83.1 MPH)
Batting: SHB Bret Davies 0-0: Ball
1-0: Ball
2-0: Called Strike
2-1: Ground out 4-3 (Groundball, 4, EV 78.1 MPH)
Bottom of the 6th over - 0 runs, 0 hits, 0 errors, 0 left on base; Great Falls 11 - Pulaski 3
TOP OF THE 7TH
Great Falls Voyagers batting - Pitching for Pulaski Yankees : LHP Jessie Neal
Batting: RHB Mike Rosa 0-0: Foul Ball, location: 2F
0-1: Called Strike
0-2: Hit by Pitch
Batting: SHB Ruben Velasco Jr. 0-0: Ball
1-0: Fly out, F9 (Flyball, 9LS, EV 78.8 MPH)
Batting: LHB Evan Oliveri 0-0: SINGLE (Line Drive, 7LS, EV 100.0 MPH)
Mike Rosa to second
Batting: RHB Billy Grubbs 0-0: Ball
1-0: Called Strike
1-1: Swinging Strike
1-2: Fielders Choice at 2nd, 5-4 (Groundball, 56S, EV 84.4 MPH)
Mike Rosa to third
Batting: LHB James Groshong 0-0: Called Strike
0-1: Fly out, F9 (Flyball, 9LM, EV 94.4 MPH)
Top of the 7th over - 0 runs, 1 hit, 0 errors, 2 left on base; Great Falls 11 - Pulaski 3
BOTTOM OF THE 7TH
Pulaski Yankees batting - Pitching for Great Falls Voyagers : LHP Ray Sowers
Batting: RHB Ben Jennings 0-0: Swinging Strike
0-1: Swinging Strike
0-2: Strikes out swinging
Pitching: LHP Miguel Moreno
Batting: LHB Jeremiah Walker 0-0: Ball
1-0: Called Strike
1-1: Called Strike
1-2: Strikes out swinging
Batting: RHB Phil Reeves 0-0: Ball
1-0: Ball
2-0: Ball
3-0: Called Strike
3-1: Ground out 4-3 (Groundball, 4, EV 83.1 MPH)
Bottom of the 7th over - 0 runs, 0 hits, 0 errors, 0 left on base; Great Falls 11 - Pulaski 3
TOP OF THE 8TH
Great Falls Voyagers batting - Pitching for Pulaski Yankees : LHP Jessie Neal
Batting: RHB Duncan Collins 0-0: Ball
1-0: Ball
2-0: Ball
3-0: Base on Balls
Pinch Hitting: RHB Bill Mannino 0-0: Ball
1-0: Called Strike
1-1: Foul Ball, location: 2F
1-2: Foul Ball, location: 2F
1-2: Foul Ball, location: 2F
1-2: Ball
2-2: Ball
3-2: Base on Balls
Duncan Collins to second
Batting: RHB Andy Cotton 0-0: Ball
1-0: Called Strike
1-1: Fly out, F9 (Flyball, 9S, EV 83.1 MPH)
Batting: RHB Kasey Bland 0-0: Ball
1-0: Fielders Choice at 2nd, 6-4 (Groundball, 6, EV 80.0 MPH)
Duncan Collins to third
Batting: RHB Mike Rosa 0-0: Ball
1-0: Ball
2-0: Foul Ball, location: 2F
2-1: Foul Ball, location: 2F
2-2: 3-RUN HOME RUN (Flyball, 78XD, EV 101.2 MPH), Distance : 412 ft
Pitching: RHP Frank Medrano
Batting: SHB Ruben Velasco Jr. 0-0: Called Strike
0-1: Foul Ball, location: 2F
0-2: Ball
1-2: Ball
2-2: Foul Ball, location: 2F
2-2: Ball
3-2: DOUBLE (Line Drive, 78D, EV 111.9 MPH)
Batting: LHB Evan Oliveri 0-0: Ball
1-0: Ground out U3 (Groundball, 3, EV 78.8 MPH)
Top of the 8th over - 3 runs, 2 hits, 0 errors, 1 left on base; Great Falls 14 - Pulaski 3
BOTTOM OF THE 8TH
Pulaski Yankees batting - Pitching for Great Falls Voyagers : LHP Miguel Moreno
Now at 1B: Adan Lake
Batting: SHB Ryan Buchbinder 0-0: Ball
1-0: Ground out 5-3 (Groundball, 5, EV 88.1 MPH)
Batting: SHB David Stewart 0-0: Called Strike
0-1: Called Strike
0-2: Fly out, F9 (Flyball, 89M, EV 88.8 MPH)
Batting: RHB Nazeeh Zubair 0-0: Swinging Strike
0-1: Ground out 6-3 (Groundball, 6, EV 81.9 MPH)
Bottom of the 8th over - 0 runs, 0 hits, 0 errors, 0 left on base; Great Falls 14 - Pulaski 3
TOP OF THE 9TH
Great Falls Voyagers batting - Pitching for Pulaski Yankees : RHP Frank Medrano
Batting: RHB Billy Grubbs 0-0: Called Strike
0-1: Ball
1-1: Foul Ball, location: 2F
1-2: Foul Ball, location: 2F
1-2: Strikes out looking
Batting: LHB James Groshong 0-0: Ball
1-0: Called Strike
1-1: Ball
2-1: Ball
3-1: Base on Balls
Pitching: LHP Sergio Huerta
Batting: RHB Duncan Collins 0-0: Foul Ball, location: 2F
0-1: Ball
1-1: Foul Ball, location: 2F
1-2: Ground out 3-1 (Groundball, 34S, EV 81.2 MPH)
James Groshong to second
Batting: RHB Adan Lake 0-0: Ball
1-0: Fly out, F7 (Flyball, 78M, EV 89.4 MPH)
Top of the 9th over - 0 runs, 0 hits, 0 errors, 1 left on base; Great Falls 14 - Pulaski 3
BOTTOM OF THE 9TH
Pulaski Yankees batting - Pitching for Great Falls Voyagers : LHP Miguel Moreno
Batting: RHB Matt Bindel 0-0: Foul Ball, location: 2F
0-1: Fly out, F3 (Popup, 3S, EV 70.0 MPH)
Batting: SHB Houston Phillips 0-0: Ball
1-0: Foul Ball, location: 2F
1-1: Ball
2-1: Fly out, F8 (Flyball, 8LD, EV 84.4 MPH)
Batting: SHB Bret Davies 0-0: Ball
1-0: Foul Ball, location: 2F
1-1: Called Strike
1-2: Fly out, F6 (Line Drive, 6, EV 73.1 MPH)
Bottom of the 9th over - 0 runs, 0 hits, 0 errors, 0 left on base; Great Falls 14 - Pulaski 3
Wednesday, June 22nd , 2022 - OOTP Baseball 23.4 Build 64